 Dungeon Crawl Stone Soup version 0.30-a0-1160-g6e42c06551 (webtiles) character file.

Game seed: 12413160287119210431

18 Zonian the Ruffian (level 2, 0/15 HPs)
             Began as a Vine Stalker Gladiator on Apr 26, 2023.
             Slain by a gnoll
             ... wielding a +0 spear
              (3 damage)
             ... on level 2 of the Dungeon.
             The game lasted 00:01:09 (507 turns).

Zonian the Ruffian (Vine Stalker Gladiator)          Turns: 507, Time: 00:01:10

Health: 0/15       AC:  4    Str: 16    XL:     2   Next: 66%
Magic:  0/3        EV: 12    Int:  8    God:
Gold:   24         SH:  0    Dex: 15    Spells: 1/1 levels left

rFire   . .          .
                       - Unarmed
rCold   . . .        (no shield)
rNeg    . . .        a - +0 leather armour
rPois   .            b - +0 helmet
rElec   .            (no cloak)
rCorr   .            (no gloves)
SInv    .            (no boots)
Will    .....        (no amulet)
Stlth   +            (no ring)
HPRegen 0.22/turn    (no ring)
MPRegen 0.08/turn

%: guardian spirit
@: no status effects
A: fangs 2, magic shield, antimagic bite, no potion heal 2
a: no special abilities


You were on level 2 of the Dungeon.
You visited 1 branch of the dungeon, and saw 2 of its levels.

You collected 24 gold pieces.

Inventory:

Missiles
 c - a throwing net (quivered)
 d - a javelin
Armour
 a - a +0 leather armour (worn)
 b - a +0 helmet (worn)
Scrolls
 e - a scroll of identify {unknown}
Potions
 f - 2 potions of cancellation {unknown}


   Skills:
 + Level 2.1 Fighting
 + Level 2.1 Throwing
 + Level 2.6 Dodging
 + Level 3.2 Unarmed Combat


You had one spell level left.
You didn't know any spells.
Your spell library was empty.

Dungeon Overview and Level Annotations

Branches:
Dungeon (1/15)

Altars:


Innate Abilities, Weirdness & Mutations

You have extremely sharp teeth.
When hurt, damage is shared between your health and your magic reserves.
Your bite disrupts and absorbs the magic of your enemies.
Potions cannot restore your health.


Message History

The gnoll shouts!
You hear an angry hiss.
An adder comes into view. x2
The adder hisses angrily.
You hit the adder but do no damage. Your bite misses the adder.
The adder misses you.
You hit the adder.
The adder is heavily wounded.
The adder bites you but does no damage. The gnoll hits you but does no damage.
You miss the adder.
The adder is heavily wounded.
Unknown command.
The adder attacks as you move away! The adder bites you.
The adder closely misses you. The adder bites you but does no damage.
The adder attacks as you move away! The adder bites you.
You hit the adder but do no damage. The adder bites you.
The adder barely misses you.
You closely miss the adder. The gnoll misses you.
The adder bites you but does no damage.
You hit the adder but do no damage. Your bite misses the adder.
The gnoll hits you from afar with a +0 spear!
The adder bites you but does no damage.
Unknown command.
The adder attacks as you move away! The adder closely misses you.
You hit the adder.
The adder is heavily wounded.
The adder misses you. The gnoll barely misses you. The adder misses you.
Throw: 3 throwing nets
Press: ? - help, Q - select action, (/) - cycle Shift-Dir - straight line, f - adder
Aim: an adder (heavily wounded, 42% to hit)
You throw a throwing net. The throwing net misses the adder.
The gnoll hits you from afar with a +0 spear.
* * * LOW HITPOINT WARNING * * *
The adder barely misses you.
Throw: 2 throwing nets
Press: ? - help, Q - select action, (/) - cycle Shift-Dir - straight line, f/p - adder
Aim: an adder (heavily wounded, 42% to hit)
You throw a throwing net.
The throwing net barely misses the adder.
The gnoll hits you from afar with a +0 spear.
You die...

...## # ......... ....#
.. #..##.#.# # ..... .#.
#..##!#.# .## .....
....##..##....... .....
........##.#.#.# # .....
#...##.†...#... .. .....
#......##.#.# #.##. ....#
##.###.##...#...... ...##
#.# #@##.#..g.!.# #+##
#.# #.SgS#.#.$.... #.#
#.###.##........#. #.#
#.#...##.#.##.#.# #.##
#.#.#........ ..
...#########.#.#.##.###.#
. ........)......#......
...
...###########...####.#
#.# #.## ##..# # .#


You could see a gnoll and 2 adders.

Vanquished Creatures
  A worm (D:2)
  A bat (D:1)
  3 endoplasms
  A goblin (D:2)
  A hobgoblin (D:1)
  3 quokkas
  2 ball pythons (D:2)
  A rat (D:1)
13 creatures vanquished.

Notes
Turn   | Place    | Note
-------+----------+-------------------------------------------
     0 | D:1      | Zonian the Vine Stalker Gladiator began the quest for the
                  | Orb.
     0 | D:1      | Reached XP level 1. HP: 11/11 MP: 2/2
   224 | D:1      | Reached XP level 2. HP: 15/15 MP: 3/3
   279 | D:1      | You fall into a shaft and drop 1 floor!
   507 | D:2      | Slain by a gnoll

Illustrated notes

Levels and vault maps discovered:
D:1:      scummos_arrival_forest, layout_basic
D:2:      minmay_general_purpose_star, layout_loops_corners, basic_altar,
          chequers_hall_statues_wall_a, minmay_diced_spiral

Skill      XL: |  1 |
---------------+----+-----
Fighting       | 2 |  2.1
Throwing       | 2 |  2.1
Dodging        | |  2.6
Unarmed Combat | |  3.2

Action                     || total
---------------------------++-------
  Melee: Unarmed           ||    68
         Bite              ||    21
         Punch             ||     2
  Throw: Throwing net      ||     2
 Armour: Leather armour    ||    23
  Dodge: Dodged            ||    45

Table legend: (Time is in decaauts)
 A = Elapsed time spent in this place.
 B = Non-inter-level travel time spent in this place.
 C = Inter-level travel time spent in this place.
 D = Time resting spent in this place.
 E = Time spent auto-exploring this place.
 F = Levels seen in this place.
 G = Mean time per level.
                   A        B        C        D        E       F      G
               +--------+--------+--------+--------+--------+-----+--------+
         Total |    503 |    503 |      0 |    133 |    199 |   2 |  251.5 |
       Dungeon |    503 |    503 |      0 |    133 |    199 |   2 |  251.5 |
               +--------+--------+--------+--------+--------+-----+--------+

Top non-repeatable levels by time:
     D:1: 277 daAuts
     D:2: 225 daAuts
